 Dungeon Sprint DCSS version 0.14-a0-3376-gf173aa4 (webtiles) character file.

10 BluebellGnoll the Magician (level 2, -2/15 HPs)
             Began as a Deep Elf Ice Elementalist on Mar 20, 2014.
             Was an Initiate of Sif Muna.
             Slain by a wight
             ... wielding a +3,+1 great sword of freezing
              (10 damage)
             ... in the Dungeon (Sprint IX: "|||||||||||||||||||||||||||||").
             The game lasted 00:03:25 (307 turns).

BluebellGnoll the Magician (DEIE)                    Turns: 307, Time: 00:03:25

HP  -2/15        AC  6     Str  5      XL: 2   Next: 10%
MP   8/12        EV 15     Int 19      God: Sif Muna [......]
Gold 0           SH  0     Dex 15      Spells:  2 memorised, 10 levels left

rFire  . . .     SeeInvis .     s - +2 cutlass (distort)
rCold  . . .     Clarity  .     a - +0 robe
rNeg   . . .     Conserve .     (no shield)
rPois  .         rCorr    .     q - +0 helmet
rElec  .         rRot     .     r - +0 cloak
SustAb . .       Spirit   .     (no gloves)
rMut   .         Warding  .     (no boots)
Saprov . . .     NoTele   +     (no amulet)
MR     .....                    p - +2 ring of evasion
                                o - +2 ring of protection

@: not resistant to hostile enchantments, fairly stealthy
A: no striking features
a: Renounce Religion


You were in the Dungeon.
You worshipped Sif Muna.
Sif Muna was noncommittal.
You were not hungry.

You visited 1 branch

Inventory:

Hand weapons
 j - a +0,+0 dagger
 s - a +2,+2 cutlass of distortion (weapon)
 t - the +2,+2 scimitar of Qakhoaleo {drain, rElec SInv}
   (You found it in the Dungeon)

   A truly terrible weapon, it drains the life of those it strikes.
   It insulates you from electricity.
   It enhances your eyesight.
Armour
 a - a +0 robe (worn)
 q - a +0 helmet (worn)
 r - a +0 cloak (worn)
Magical devices
 n - a wand of cold (7)
Comestibles
 c - a bread ration
Scrolls
 i - 2 scrolls of blinking
 l - 3 scrolls of remove curse
 m - 2 scrolls of amnesia
Jewellery
 o - a +2 ring of protection (left hand)
 p - a +2 ring of evasion (right hand)
Potions
 d - 5 potions of curing
 e - 3 potions of heal wounds
 f - a potion of haste
 g - 4 potions of magic
 h - a potion of berserk rage
 k - a potion of invisibility
Books
 b - a book of Frost

   Spells                             Type                      Level
   *Freeze                            Ice                          1
   *Throw Frost                       Conjuration/Ice              2
   Ozocubu's Armour                   Charms/Ice                   3
   Throw Icicle                       Conjuration/Ice              4
   Summon Ice Beast                   Ice/Summoning                4
   Condensation Shield                Ice                          4


   Skills:
 - Level 2.4 Dodging
 - Level 2.4 Stealth
 + Level 6.4 Spellcasting
 - Level 1.1 Conjurations
 - Level 3.2 Ice Magic


You had 10 spell levels left.
You knew the following spells:

 Your Spells              Type           Power        Failure   Level  Hunger
a - Freeze                Ice            ###.         3%          1    None
b - Throw Frost           Conj/Ice       ##....       10%         2    None


Dungeon Overview and Level Annotations

Branches:
Dungeon (1/1)

Altars:
Ashenzari
Cheibriados
Dithmenos
Elyvilon
Fedhas
Kikubaaqudgha
Makhleb
Nemelex Xobeh
Okawaru
Sif Muna
Trog
Vehumet
Xom
Yredelemnul
Zin
The Shining One


Message History

Aim: a giant frog (heavily wounded)
You freeze the giant frog.
The giant frog seems to slow down.
The giant frog is severely wounded.
The giant frog disappears!
Casting: Freeze
Confirm with . or Enter, or press ? or * to list all spells.
Aiming: Freeze
Press: ? - help, Shift-Dir - straight line, f - wight
Aim: a wight, wielding a runed great sword and wearing a robe (translocational energy)
You freeze the wight.
The wight completely resists.
The wight closely misses you.
Casting: Freeze
Confirm with . or Enter, or press ? or * to list all spells.
Aiming: Freeze
Press: ? - help, Shift-Dir - straight line, f/p - wight
Aim: a wight, wielding a runed great sword and wearing a robe You freeze the wight.
The wight completely resists.
The wight hits you with a runed great sword!
Ouch! That really hurt!
You die...

▓+▓
▓.▓
▓.▓
▓.▓
▓T▓
▓z▓
▓z▓
▓@▓
▓.▓
▓.▓
▓[▓
▓.▓
▓.▓
▓)▓
▓|▓
▓.▓


You could see a troll, a wight and a goblin skeleton.

Vanquished Creatures
  An orc (D)
  A bat skeleton (D)
  A giant newt (D)
  4 goblins (D)
  A kobold (D)
  3 rats (D)
11 creatures vanquished.

Notes
Turn   | Place    | Note
--------------------------------------------------------------
     0 | D        | BluebellGnoll, the Deep Elf Ice Elementalist, began the quest for the Orb.
     0 | D        | Reached XP level 1. HP: 10/10 MP: 5/5
    10 | D        | Reached skill level 4 in Spellcasting
    17 | D        | Reached skill level 5 in Spellcasting
    97 | D        | Reached skill level 6 in Spellcasting
    97 | D        | Reached XP level 2. HP: 7/15 MP: 5/12
   109 | D        | Found a bloodstained altar of Trog.
   109 | D        | Found a radiant altar of Vehumet.
   109 | D        | Found a radiant altar of Vehumet.
   109 | D        | Found a glowing golden altar of the Shining One.
   109 | D        | Found an iron altar of Okawaru.
   109 | D        | Found a snail-covered altar of Cheibriados.
   109 | D        | Found a blossoming altar of Fedhas.
   110 | D        | Found a sparkling altar of Nemelex Xobeh.
   111 | D        | Found a shimmering altar of Xom.
   112 | D        | Found an ancient bone altar of Kikubaaqudgha.
   113 | D        | Found a basalt altar of Yredelemnul.
   114 | D        | Found a white marble altar of Elyvilon.
   115 | D        | Found a bloodstained altar of Trog.
   116 | D        | Found a glowing silver altar of Zin.
   117 | D        | Found a deep blue altar of Sif Muna.
   118 | D        | Found a shadowy altar of Dithmenos.
   119 | D        | Found a shattered altar of Ashenzari.
   120 | D        | Found a burning altar of Makhleb.
   130 | D        | Became a worshipper of Sif Muna the Loreminder
   163 | D        | Got the +2,+2 scimitar of Qakhoaleo {drain, rElec SInv}
   168 | D        | Learned a level 2 spell: Throw Frost
   295 | D        | Noticed a troll
   295 | D        | Noticed a wight
   295 | D        | Noticed a giant frog
   307 | D        | Slain by a wight

Action                   || total
-------------------------++-------
Melee: Dagger            ||    10
       Cutlass           ||     5
 Cast: Freeze            ||    18
 Stab: Sleeping          ||     1
